 Dungeon Crawl Stone Soup version 0.22-a0-858-g985ef60 (webtiles) character file.

312 vierth the Cleaver (level 6, -8/51 HPs)
             Began as a Minotaur Fighter on July 27, 2018.
             Mangled by Terence
             ... wielding a +0 hand axe
              (9 damage)
             ... on level 3 of the Dungeon.
             The game lasted 00:05:54 (1644 turns).

vierth the Cleaver (Minotaur Fighter)               Turns: 1644, Time: 00:05:55

Health: -8/51      AC:  0    Str: 22    XL:     6   Next: 18%
Magic:  5/5        EV: 17    Int:  5    God:
Gold:   92         SH:  0    Dex: 15    Spells: 5/5 levels left

rFire    . . .     SeeInvis .   (weapon currently unavailable)
rCold    . . .     Gourm    .   (shield currently unavailable)
rNeg     . . .     Faith    .   (armour currently unavailable)
rPois    .         Spirit   .   (helmet currently unavailable)
rElec    .         Reflect  .   (cloak currently unavailable)
rCorr    .         Harm     .   (gloves currently unavailable)
MR       .....                  (boots currently unavailable)
Stlth    +.........             (no amulet)
HPRegen  0.17/turn              (ring currently unavailable)
MPRegen  0.09/turn              (ring currently unavailable)

@: bat-form, flying, very quick
A: tiny, (retaliatory headbutt)
a: no special abilities


You were on level 3 of the Dungeon.
You were not hungry.
You were in bat-form.
You visited 1 branch of the dungeon, and saw 3 of its levels.

You collected 92 gold pieces.

Inventory:

Hand Weapons
 a - a +0 war axe (melded)
Armour
 b - a +0 scale mail (melded)
 c - a +0 shield (melded)
Scrolls
 e - a scroll of magic mapping {unknown}
 g - 4 scrolls of identify {unknown}
 h - 3 scrolls of teleportation {unknown}
 i - a scroll of enchant armour {unknown}
 j - a scroll of noise {unknown}
Potions
 d - a potion of might
 k - 2 potions of mutation {unknown}
 l - 2 potions of heal wounds {unknown}
 m - a potion of agility {unknown}
Comestibles
 f - 3 rations


   Skills:
 - Level 3.6 Fighting
 + Level 8.0 Axes
 - Level 3.6 Armour
 - Level 3.6 Shields


You had 5 spell levels left.
You didn't know any spells.
Your spell library was empty.

Dungeon Overview and Level Annotations

Branches:
Dungeon (3/15)

Altars:
Ru
Sif Muna
Xom

Annotations:
D:3 Terence


Innate Abilities, Weirdness & Mutations

((You reflexively headbutt those who attack you in melee.))
((You have a pair of horns on your head.))


Message History

You completely miss Terence.
Terence is moderately wounded.
Terence barely misses you.
You hit Terence but do no damage.
Terence is moderately wounded.
Terence hits you with a hand axe!
* * * LOW HITPOINT WARNING * * *
You hit Terence but do no damage.
Terence is moderately wounded.
Terence hits you with a hand axe.
* * * LOW HITPOINT WARNING * * *
You hit Terence but do no damage.
Terence is moderately wounded.
You hit Terence but do no damage.
Terence is moderately wounded.
Terence misses you.
You barely miss Terence.
Terence is moderately wounded.
Terence hits you with a hand axe!
You die...

#########.# #........
#.........# ##...####
#.###.##########.#####
#.# #................#
#.# ####.#............
##.## #...#####.###.#
#...######.## #....).
#......# #.# #.#....
#...##b# #.# #..#...
######@# #.# #.#....
#.# #.# #.##.## #.#
#.. #.##.# #.# ##.
#.##.# #.# . #.##<#
#.# #.##.# #.# #.. ###


You could see Terence.

Vanquished Creatures
  Grinder (D:3)
  An orc priest (D:3)
  3 adders
  An ooze (D:2)
  3 dart slugs
  A leopard gecko (D:2)
  4 orcs (D:3)
  2 giant cockroaches (D:1)
  7 goblins
  5 hobgoblins
  6 jackals (D:1)
  6 kobolds
  2 bats
  7 frilled lizards
  13 rats
62 creatures vanquished.

Notes
Turn   | Place    | Note
-------+----------+-------------------------------------------
     0 | D:1      | vierth the Minotaur Fighter began the quest for the Orb.
     0 | D:1      | Reached XP level 1. HP: 19/19 MP: 0/0
   132 | D:1      | Reached skill level 3 in Axes
   210 | D:1      | Reached XP level 2. HP: 24/26 MP: 1/1
   393 | D:1      | Reached skill level 4 in Axes
   519 | D:1      | Reached XP level 3. HP: 31/31 MP: 2/2
   794 | D:2      | Reached skill level 5 in Axes
  1056 | D:2      | Found a sacrificial altar of Ru.
  1056 | D:2      | Found a faded altar of an unknown god.
  1061 | D:2      | Found a shimmering altar of Xom.
  1063 | D:2      | Found a deep blue altar of Sif Muna.
  1064 | D:2      | Found a faded altar of an unknown god.
  1074 | D:2      | Reached XP level 4. HP: 39/39 MP: 3/3
  1298 | D:3      | Noticed Grinder
  1306 | D:3      | Killed Grinder
  1306 | D:3      | Reached skill level 7 in Axes
  1306 | D:3      | Reached XP level 5. HP: 34/45 MP: 4/4
  1485 | D:3      | Reached XP level 6. HP: 45/51 MP: 5/5
  1579 | D:3      | Reached skill level 8 in Axes
  1621 | D:3      | Noticed Terence
  1641 | D:3      | HP: 1/51 [Terence/hand axe (6)]
  1644 | D:3      | Mangled by Terence

Vault maps used:
D:1:      dpeg_arrival_rooms_b
D:2:      chequers_temple_overflow_minitemple
D:3:      kennysheep_slug_shrine, gammafunk_ghost_nasty_kobolds, uniq_grinder,
          uniq_sigmund, uniq_terence

Skill      XL: |  1  2  3  4  5  6 |
---------------+-------------------+-----
Axes           | 3 4 5 7 8 |  8.0
Fighting       | |  3.6
Armour         | |  3.6
Shields        | |  3.6

Action                   |  1- 3 |  4- 6 || total
-------------------------+-------+-------++-------
Melee: War axe           |   101 |    39 ||   140
       Headbutt          |    18 |     5 ||    23
       Unarmed           |       |    22 ||    22
  Eat: Ration            |       |     1 ||     1
       Chunk             |       |     1 ||     1
Armor: Scale mail        |    60 |    12 ||    72
Dodge: Dodged            |    29 |    17 ||    46
Block: Shield            |    55 |    16 ||    71

Table legend:
 A = Spawn XP
 B = Non-spawn XP
 C = Spawn XP percentage of total XP
 D = Spawn monster count
 E = Non-spawn monster count
 F = Spawn count percentage of total count
 G = Total turns spent on level
                    A         B        C        D         E        F      G
               +---------+---------+-------+---------+---------+-------+---------
         Total |       0 |     446 |   0.0 |       0 |      62 |   0.0 |  1644
               +---------+---------+-------+---------+---------+-------+---------
           D:1 |       0 |      44 |   0.0 |       0 |      26 |   0.0 |   684
           D:2 |       0 |      61 |   0.0 |       0 |      18 |   0.0 |   614
           D:3 |       0 |     341 |   0.0 |       0 |      18 |   0.0 |   346
               +---------+---------+-------+---------+---------+-------+---------
